TOP OF THE 1ST |
University of California Golden Bears batting - Pitching for University of Illinois Fighting Illini : RHP Adri van den Akker
|
Pitching: RHP Adri van den Akker
|
|
Batting: LHB Luis Orellana
|
0-0: Ground out U3 (Groundball, 3, EV 99.4 MPH)
|
Batting: LHB Mario Molina
|
0-0: Ball 1-0: Ball 2-0: Called Strike 2-1: Ground out 6-3 (Groundball, 6, EV 85.0 MPH)
|
Batting: LHB Carlos Gaona
|
0-0: Called Strike 0-1: Ball 1-1: Foul Ball, location: 2F 1-2: DOUBLE (Flyball, 8RXD, EV 113.1 MPH)
|
Batting: RHB Nate Mahon
|
0-0: Swinging Strike 0-1: Swinging Strike 0-2: Ball 1-2: Strikes out looking
|
Top of the 1st over - 0 runs, 1 hit, 0 errors, 1 left on base; University of California 0 - University of Illinois 0 |
BOTTOM OF THE 1ST |
University of Illinois Fighting Illini batting - Pitching for University of California Golden Bears : RHP Chris Skelly
|
Pitching: RHP Chris Skelly
|
|
Batting: SHB Ryan Marsh
|
0-0: Ball 1-0: Ball 2-0: Called Strike 2-1: Ground out 4-3 (Groundball, 4, EV 86.2 MPH)
|
Batting: RHB James Lewis
|
0-0: Called Strike 0-1: Swinging Strike 0-2: Fly out, F9 (Line Drive, 9, EV 108.8 MPH)
|
Batting: LHB Stuart Parker
|
0-0: Ball 1-0: Fly out, F9 (Flyball, 89M, EV 82.5 MPH)
|
Bottom of the 1st over - 0 runs, 0 hits, 0 errors, 0 left on base; University of California 0 - University of Illinois 0 |
TOP OF THE 2ND |
University of California Golden Bears batting - Pitching for University of Illinois Fighting Illini : RHP Adri van den Akker
|
Batting: SHB Nick Jansen
|
0-0: Fly out, F7 (Flyball, 7LS, EV 95.6 MPH)
|
Batting: RHB Jason Béllanger
|
0-0: Ball 1-0: Ball 2-0: Called Strike 2-1: Foul Ball, location: 2F 2-2: SOLO HOME RUN (Flyball, 7LD, EV 90.6 MPH), Distance : 335 ft
|
Batting: RHB Juan Debayle
|
0-0: Ball 1-0: Ball 2-0: Ball 3-0: Called Strike 3-1: Base on Balls
|
Batting: LHB Jonathan Sosa
|
0-0: Called Strike Juan Debayle steals 2nd base 0-1: Fly out, F9 (Flyball, 9, EV 92.5 MPH) Runner from 2nd tags up, SAFE at 3rd with throw by RF
|
Batting: RHB Jake Ralston
|
0-0: Fly out, F8 (Flyball, 8LD, EV 98.8 MPH)
|
Top of the 2nd over - 1 run, 1 hit, 0 errors, 1 left on base; University of California 1 - University of Illinois 0 |
BOTTOM OF THE 2ND |
University of Illinois Fighting Illini batting - Pitching for University of California Golden Bears : RHP Chris Skelly
|
Batting: RHB Matt Lapthorne
|
0-0: Ball 1-0: Ball 2-0: Ball 3-0: Called Strike 3-1: Foul Ball, location: 2F 3-2: Foul Ball, location: 2F 3-2: SINGLE (Groundball, 56S, EV 67.5 MPH) (infield hit)
|
Batting: RHB D.J. Sheldon
|
0-0: Called Strike 0-1: Ball 1-1: SINGLE (Groundball, 34D, EV 103.1 MPH) Matt Lapthorne to second Runner from 2nd tries for 3rd, SAFE, no throw by RF
|
Batting: RHB Lance Borgen
|
0-0: Foul Ball, location: 2F 0-1: Ball 1-1: Ball 2-1: Called Strike 2-2: Ball 3-2: Grounds into double play, 4-6-3 (Groundball, 4, EV 111.2 MPH) Matt Lapthorne scores
|
Batting: RHB Joe Kirschner
|
0-0: Ball 1-0: Called Strike 1-1: Swinging Strike 1-2: Strikes out swinging
|
Bottom of the 2nd over - 1 run, 2 hits, 0 errors, 0 left on base; University of California 1 - University of Illinois 1 |
TOP OF THE 3RD |
University of California Golden Bears batting - Pitching for University of Illinois Fighting Illini : RHP Adri van den Akker
|
Batting: LHB Luis Orellana
|
0-0: Ball 1-0: Swinging Strike 1-1: Ball 2-1: Ball 3-1: Base on Balls
|
Batting: LHB Mario Molina
|
0-0: Foul Ball, location: 2F 0-1: Ball 1-1: Ball 2-1: Called Strike 2-2: Ball 3-2: Ground out 4-3 (Groundball, 4, EV 102.5 MPH) Luis Orellana to second
|
Batting: LHB Carlos Gaona
|
0-0: Ball Luis Orellana steals 3rd base 1-0: Ball 2-0: Ball 3-0: Called Strike 3-1: Base on Balls
|
Batting: RHB Nate Mahon
|
0-0: Ball 1-0: Ball 2-0: Ball 3-0: Called Strike 3-1: Base on Balls Carlos Gaona to second
|
Batting: SHB Nick Jansen
|
0-0: Fly out, F7 (Flyball, 7, EV 91.2 MPH) Runner from 3rd tags up, SCORES, no throw by LF
|
Batting: RHB Jason Béllanger
|
0-0: Ball 1-0: Reached on error, E6 (Groundball, 6, EV 80.0 MPH) Carlos Gaona to third Nate Mahon to second
|
Batting: RHB Juan Debayle
|
0-0: Ball 1-0: Called Strike 1-1: Ball Wild Pitch! Carlos Gaona scores Nate Mahon to third Jason Béllanger to second 2-1: Foul Ball, location: 2F 2-2: Ball 3-2: Foul Ball, location: 2F 3-2: Strikes out looking
|
Top of the 3rd over - 2 runs, 0 hits, 1 error, 2 left on base; University of California 3 - University of Illinois 1 |
BOTTOM OF THE 3RD |
University of Illinois Fighting Illini batting - Pitching for University of California Golden Bears : RHP Chris Skelly
|
Batting: RHB Lynn Shere
|
0-0: Ball 1-0: Swinging Strike 1-1: SINGLE (Groundball, 4, EV 110.6 MPH)
|
Batting: SHB Cody Hale Jr.
|
0-0: Ball 1-0: Grounds into double play, 4-6-3 (Groundball, 4, EV 102.5 MPH)
|
Batting: SHB Ryan Marsh
|
0-0: Called Strike 0-1: Foul Ball, location: 2F 0-2: Strikes out swinging
|
Bottom of the 3rd over - 0 runs, 1 hit, 0 errors, 0 left on base; University of California 3 - University of Illinois 1 |
TOP OF THE 4TH |
University of California Golden Bears batting - Pitching for University of Illinois Fighting Illini : RHP Adri van den Akker
|
Pitching: RHP Luis Pena
|
|
Batting: LHB Jonathan Sosa
|
0-0: Ball 1-0: Fly out, F8 (Flyball, 8LXD, EV 84.4 MPH)
|
Batting: RHB Jake Ralston
|
0-0: Called Strike 0-1: Ball 1-1: Ball 2-1: Ball 3-1: Foul Ball, location: 2F 3-2: DOUBLE (Line Drive, 8LD, EV 88.1 MPH)
|
Batting: LHB Luis Orellana
|
0-0: Foul Ball, location: 2F 0-1: Fly out, F9 (Line Drive, 9, EV 86.2 MPH)
|
Batting: LHB Mario Molina
|
0-0: Foul Ball, location: 2F 0-1: Ground out U3 (Groundball, 34, EV 88.1 MPH)
|
Top of the 4th over - 0 runs, 1 hit, 0 errors, 1 left on base; University of California 3 - University of Illinois 1 |
BOTTOM OF THE 4TH |
University of Illinois Fighting Illini batting - Pitching for University of California Golden Bears : RHP Chris Skelly
|
Batting: RHB James Lewis
|
0-0: Ball 1-0: DOUBLE (Line Drive, 89M, EV 108.8 MPH)
|
Batting: LHB Stuart Parker
|
0-0: Called Strike 0-1: Ball 1-1: Swinging Strike 1-2: SINGLE (Line Drive, 89M, EV 93.1 MPH) James Lewis to third
|
Batting: RHB Matt Lapthorne
|
0-0: Called Strike 0-1: Swinging Strike 0-2: Foul Ball, location: 2F 0-2: Ball Wild Pitch! James Lewis scores Stuart Parker to second 1-2: Ball 2-2: Strikes out swinging
|
Batting: RHB D.J. Sheldon
|
0-0: Called Strike 0-1: Ground out 6-3 (Groundball, 6, EV 80.6 MPH)
|
Batting: RHB Lance Borgen
|
0-0: Called Strike 0-1: Called Strike 0-2: Ball 1-2: Ball 2-2: Foul Ball, location: 2F 2-2: Ball 3-2: Fly out, F3 (Popup, 3SF, EV 74.4 MPH)
|
Bottom of the 4th over - 1 run, 2 hits, 0 errors, 1 left on base; University of California 3 - University of Illinois 2 |
TOP OF THE 5TH |
University of California Golden Bears batting - Pitching for University of Illinois Fighting Illini : RHP Luis Pena
|
Batting: LHB Carlos Gaona
|
0-0: Ball 1-0: Foul Ball, location: 2F 1-1: Swinging Strike 1-2: Ball 2-2: Ball 3-2: Base on Balls
|
Batting: RHB Nate Mahon
|
0-0: Ball 1-0: Ball 2-0: Called Strike 2-1: 2-RUN HOME RUN (Flyball, 7LD, EV 91.9 MPH), Distance : 334 ft
|
Batting: SHB Nick Jansen
|
0-0: Called Strike 0-1: Ball 1-1: Foul Ball, location: 2F 1-2: Ball 2-2: Foul Ball, location: 2F 2-2: Ground out U3 (Groundball, 23, EV 93.8 MPH)
|
Batting: RHB Jason Béllanger
|
0-0: Called Strike 0-1: Called Strike 0-2: Ball 1-2: Ball 2-2: Foul Ball, location: 2F 2-2: Ball 3-2: SINGLE (Line Drive, 4D, EV 98.8 MPH)
|
Pitching: RHP Ross Ledford
|
|
Batting: RHB Juan Debayle
|
0-0: Swinging Strike 0-1: Called Strike 0-2: Strikes out swinging
|
Batting: LHB Jonathan Sosa
|
0-0: Ball 1-0: SINGLE (Groundball, 4D, EV 108.1 MPH) Jason Béllanger to second Runner from 2nd tries for 3rd, SAFE, throw by RF made to third
|
Batting: RHB Jake Ralston
|
0-0: Called Strike 0-1: Ball 1-1: Fly out, F4 (Popup, 4, EV 61.9 MPH)
|
Top of the 5th over - 2 runs, 3 hits, 0 errors, 2 left on base; University of California 5 - University of Illinois 2 |
BOTTOM OF THE 5TH |
University of Illinois Fighting Illini batting - Pitching for University of California Golden Bears : RHP Chris Skelly
|
Batting: RHB Joe Kirschner
|
0-0: Called Strike 0-1: Swinging Strike 0-2: SINGLE (Groundball, 6MD, EV 107.5 MPH)
|
Batting: RHB Lynn Shere
|
0-0: Ball 1-0: Ball 2-0: DOUBLE (Line Drive, 8LXD, EV 112.5 MPH) Joe Kirschner to third
|
Batting: SHB Cody Hale Jr.
|
0-0: Ground out 5-3 (Groundball, 56, EV 91.9 MPH) Joe Kirschner scores
|
Batting: SHB Ryan Marsh
|
0-0: TRIPLE (Flyball, 89XD, EV 100.0 MPH) Lynn Shere scores
|
Batting: RHB James Lewis
|
0-0: Ball 1-0: Foul Ball, location: 2F 1-1: Ball 2-1: Foul Ball, location: 2F 2-2: Ball 3-2: Foul Ball, location: 2F 3-2: Fly out, F5 (Popup, 5, EV 77.5 MPH)
|
Batting: LHB Stuart Parker
|
0-0: Called Strike 0-1: Swinging Strike 0-2: Ball 1-2: Foul Ball, location: 2F 1-2: Ball 2-2: Foul Ball, location: 2F 2-2: Foul Ball, location: 2F 2-2: Ground out 4-3 (Groundball, 4, EV 89.4 MPH)
|
Bottom of the 5th over - 2 runs, 3 hits, 0 errors, 1 left on base; University of California 5 - University of Illinois 4 |
TOP OF THE 6TH |
University of California Golden Bears batting - Pitching for University of Illinois Fighting Illini : RHP Ross Ledford
|
Batting: LHB Luis Orellana
|
0-0: Fly out, F7 (Flyball, 7D, EV 86.9 MPH)
|
Batting: LHB Mario Molina
|
0-0: Foul Ball, location: 2F 0-1: Swinging Strike 0-2: Ball 1-2: Ball 2-2: Hit by Pitch
|
Batting: LHB Carlos Gaona
|
0-0: Swinging Strike 0-1: Ball 1-1: Ball 2-1: Ball Mario Molina steals 2nd base 3-1: Intentional Walk
|
Batting: RHB Nate Mahon
|
0-0: Called Strike 0-1: Foul Ball, location: 2F 0-2: DOUBLE (Flyball, 78D, EV 111.9 MPH) Mario Molina scores Carlos Gaona to third
|
Batting: SHB Nick Jansen
|
0-0: Intentional Walk
|
Pitching: RHP Mo Teoh
|
|
Batting: RHB Jason Béllanger
|
0-0: Ball 1-0: Swinging Strike 1-1: Foul Ball, location: 2F 1-2: Strikes out swinging
|
Batting: RHB Juan Debayle
|
0-0: SINGLE (Line Drive, 56D, EV 99.4 MPH) Carlos Gaona scores Nate Mahon to third Nick Jansen to second Runner from 3rd tries for Home, SAFE, throw by LF to home
|
Batting: LHB Jonathan Sosa
|
0-0: Ball 1-0: Fly out, F9 (Flyball, 9D, EV 105.0 MPH)
|
Top of the 6th over - 3 runs, 2 hits, 0 errors, 2 left on base; University of California 8 - University of Illinois 4 |
BOTTOM OF THE 6TH |
University of Illinois Fighting Illini batting - Pitching for University of California Golden Bears : RHP Chris Skelly
|
Batting: RHB Matt Lapthorne
|
0-0: Ball 1-0: Ball 2-0: Called Strike 2-1: Ball 3-1: Foul Ball, location: 2F 3-2: SINGLE (Line Drive, 8RS, EV 88.1 MPH)
|
Pitching: RHP Jim Plessis
|
|
Batting: RHB D.J. Sheldon
|
0-0: Called Strike 0-1: Ball 1-1: Fly out, F5 (Popup, 25, EV 90.0 MPH)
|
Batting: RHB Lance Borgen
|
0-0: Ball 1-0: Foul Ball, location: 2F 1-1: Ball 2-1: Foul Ball, location: 2F 2-2: Ball 3-2: SINGLE (Line Drive, 4D, EV 109.4 MPH) Matt Lapthorne to second
|
Batting: RHB Joe Kirschner
|
0-0: Ball 1-0: Ball 2-0: Ball 3-0: Called Strike 3-1: Foul Ball, location: 2F 3-2: Foul Ball, location: 2F 3-2: Foul Ball, location: 2F 3-2: Strikes out swinging
|
Batting: RHB Lynn Shere
|
0-0: Ball 1-0: Called Strike 1-1: Foul Ball, location: 2F 1-2: Foul Ball, location: 2F 1-2: Ball 2-2: 3-RUN HOME RUN (Flyball, 78XD, EV 114.4 MPH), Distance : 459 ft
|
Batting: SHB Cody Hale Jr.
|
0-0: Ball 1-0: Ball 2-0: Ball 3-0: Base on Balls
|
Pitching: RHP Steve Clothier
|
|
Batting: SHB Ryan Marsh
|
0-0: Fly out, F8 (Flyball, 8RM, EV 88.1 MPH)
|
Bottom of the 6th over - 3 runs, 3 hits, 0 errors, 1 left on base; University of California 8 - University of Illinois 7 |
TOP OF THE 7TH |
University of California Golden Bears batting - Pitching for University of Illinois Fighting Illini : RHP Mo Teoh
|
Batting: RHB Jake Ralston
|
0-0: Called Strike 0-1: Foul Ball, location: 2F 0-2: Ball 1-2: Foul Ball, location: 2F 1-2: Ball 2-2: Strikes out swinging
|
Batting: LHB Luis Orellana
|
0-0: Ball 1-0: Ball 2-0: Ball 3-0: Called Strike 3-1: Fly out, F8 (Flyball, 8LD, EV 93.8 MPH)
|
Batting: LHB Mario Molina
|
0-0: Ball 1-0: SINGLE (Line Drive, 7S, EV 111.2 MPH)
|
Batting: LHB Carlos Gaona
|
0-0: Foul Ball, location: 2F 0-1: Ball 1-1: Ball 2-1: Foul Ball, location: 2F 2-2: Fly out, F4 (Popup, 4D, EV 58.1 MPH)
|
Top of the 7th over - 0 runs, 1 hit, 0 errors, 1 left on base; University of California 8 - University of Illinois 7 |
BOTTOM OF THE 7TH |
University of Illinois Fighting Illini batting - Pitching for University of California Golden Bears : RHP Steve Clothier
|
Batting: RHB James Lewis
|
0-0: Ball 1-0: Called Strike 1-1: Foul Ball, location: 2F 1-2: Ball 2-2: Strikes out swinging
|
Batting: LHB Stuart Parker
|
0-0: Ball 1-0: Ball 2-0: Foul Ball, location: 2F 2-1: Foul Ball, location: 2F 2-2: Foul Ball, location: 2F 2-2: Strikes out swinging
|
Batting: RHB Matt Lapthorne
|
0-0: Called Strike 0-1: Ball 1-1: Ball 2-1: Ball 3-1: Foul Ball, location: 2F 3-2: Base on Balls
|
Pitching: RHP Sam Price
|
|
Batting: RHB D.J. Sheldon
|
0-0: Foul Ball, location: 2F 0-1: Foul Ball, location: 2F 0-2: Strikes out looking
|
Bottom of the 7th over - 0 runs, 0 hits, 0 errors, 1 left on base; University of California 8 - University of Illinois 7 |
TOP OF THE 8TH |
University of California Golden Bears batting - Pitching for University of Illinois Fighting Illini : RHP Mo Teoh
|
Pitching: RHP Damien Blot
|
|
Batting: RHB Nate Mahon
|
0-0: Ball 1-0: Ball 2-0: Ball 3-0: Called Strike 3-1: SINGLE (Flyball, 8RM, EV 78.8 MPH)
|
Batting: SHB Nick Jansen
|
0-0: Fly out, F8 (Flyball, 8LM, EV 79.4 MPH)
|
Batting: RHB Jason Béllanger
|
0-0: Ball 1-0: Foul Ball, location: 2F 1-1: Foul Ball, location: 2F 1-2: Foul Ball, location: 2F 1-2: Ball 2-2: Foul Ball, location: 2F 2-2: Grounds into double play, 3-6-3 (Groundball, 13, EV 87.5 MPH)
|
Top of the 8th over - 0 runs, 1 hit, 0 errors, 0 left on base; University of California 8 - University of Illinois 7 |
BOTTOM OF THE 8TH |
University of Illinois Fighting Illini batting - Pitching for University of California Golden Bears : RHP Sam Price
|
Batting: RHB Lance Borgen
|
0-0: Foul Ball, location: 2F 0-1: Ball 1-1: Ball 2-1: Fly out, F7 (Flyball, 7, EV 88.8 MPH)
|
Batting: RHB Joe Kirschner
|
0-0: Ball 1-0: Ball 2-0: Swinging Strike 2-1: Foul Ball, location: 2F 2-2: Foul Ball, location: 2F 2-2: Ball 3-2: Strikes out swinging
|
Batting: RHB Lynn Shere
|
0-0: Ball 1-0: Ball 2-0: SINGLE (Line Drive, 34D, EV 103.1 MPH)
|
Pitching: RHP Luis Lopez
|
|
Batting: SHB Cody Hale Jr.
|
0-0: Ball 1-0: Fielders Choice at 2nd, 6-4 (Groundball, 6, EV 83.8 MPH)
|
Bottom of the 8th over - 0 runs, 1 hit, 0 errors, 1 left on base; University of California 8 - University of Illinois 7 |
TOP OF THE 9TH |
University of California Golden Bears batting - Pitching for University of Illinois Fighting Illini : RHP Damien Blot
|
Pitching: RHP Ben Robinson
|
|
Batting: RHB Juan Debayle
|
0-0: Ground out 6-3 (Groundball, 6, EV 102.5 MPH)
|
Batting: LHB Jonathan Sosa
|
0-0: Ground out U3 (Groundball, 3D, EV 90.0 MPH)
|
Batting: RHB Jake Ralston
|
0-0: Called Strike 0-1: Foul Ball, location: 2F 0-2: Foul Ball, location: 2F 0-2: DOUBLE (Line Drive, 5D, EV 95.0 MPH)
|
Pinch Runner at 2nd Marcos Zamora:
|
|
Batting: LHB Luis Orellana
|
0-0: Intentional Walk
|
Batting: LHB Mario Molina
|
0-0: Foul Ball, location: 2F 0-1: Ball 1-1: SINGLE (Flyball, 9, EV 83.1 MPH) Marcos Zamora to third Luis Orellana to second
|
Batting: LHB Carlos Gaona
|
0-0: Called Strike 0-1: Ball 1-1: Ball 2-1: Swinging Strike 2-2: Strikes out swinging
|
Top of the 9th over - 0 runs, 2 hits, 0 errors, 3 left on base; University of California 8 - University of Illinois 7 |
BOTTOM OF THE 9TH |
University of Illinois Fighting Illini batting - Pitching for University of California Golden Bears : RHP Luis Lopez
|
Pitching: LHP Chee-hwa Thean
|
|
Now at SS: Marcos Zamora
|
|
Batting: SHB Ryan Marsh
|
0-0: Ball 1-0: Ball 2-0: Ball 3-0: Called Strike 3-1: Swinging Strike 3-2: Base on Balls
|
Batting: RHB James Lewis
|
0-0: Sac Bunt to 3S - play at first, batter OUT! 3-1 Ryan Marsh to second
|
Batting: LHB Stuart Parker
|
0-0: Ball 1-0: Fly out, F6 (Popup, 4MD, EV 48.8 MPH)
|
Batting: RHB Matt Lapthorne
|
0-0: Ball 1-0: Ball 2-0: Ball 3-0: Called Strike 3-1: Foul Ball, location: 2F 3-2: Foul Ball, location: 2F 3-2: Base on Balls
|
Batting: RHB D.J. Sheldon
|
0-0: Ball Wild Pitch! Ryan Marsh to third Matt Lapthorne to second 1-0: Called Strike 1-1: Ball 2-1: Ball 3-1: Base on Balls
|
Batting: RHB Lance Borgen
|
0-0: Called Strike 0-1: Ball 1-1: Called Strike 1-2: Ball 2-2: Ball 3-2: Foul Ball, location: 2F 3-2: Foul Ball, location: 2F 3-2: Foul Ball, location: 2F 3-2: Ground out 6-3 (Groundball, 6, EV 91.9 MPH)
|
Bottom of the 9th over - 0 runs, 0 hits, 0 errors, 3 left on base; University of California 8 - University of Illinois 7 |
|